 Dungeon Crawl Stone Soup version 0.28-a0-1387-g3a22ab9bdc (webtiles) character file.

Game seed: 17774385351743918474

13 Clumpoid the Nimble (level 2, 0/23 HPs)
             Began as a Gnoll Wanderer on Jan 2, 2022.
             Slain by a rat (1 damage)
             ... on level 1 of the Dungeon.
             The game lasted 00:00:23 (334 turns).

Clumpoid the Nimble (Gnoll Wanderer)                 Turns: 334, Time: 00:00:23

Health: 0/23       AC:  5    Str: 10    XL:     2   Next: 37%
Magic:  2/2        EV: 14    Int: 11    God:
Gold:   0          SH:  0    Dex: 12    Spells: 1/1 levels left

rFire   . . .      SeeInvis .   a - +0 dagger
rCold   . . .      Faith    .   (no shield)
rNeg    . . .      Spirit   .   d - +2 leather armour
rPois   .          Reflect  .   (no helmet)
rElec   .          Harm     .   (no cloak)
rCorr   .          Rampage  .   (no gloves)
Will    .....                   (no boots)
Stlth   +.........              (no amulet)
HPRegen 0.07/turn               (no ring)
MPRegen 0.08/turn               (no ring)

@: no status effects
A: fangs 1, strong nose, distributed training
a: no special abilities


You were on level 1 of the Dungeon.
You visited 1 branch of the dungeon, and saw 1 of its levels.

Inventory:

Hand Weapons
 a - a +0 dagger (weapon)
Missiles
 c - 12 poisoned darts (quivered)
Armour
 d - a +2 leather armour (worn)
Scrolls
 b - a scroll of fog


   Skills:
 + Level 2.5 Fighting
 + Level 0.4 Short Blades
 + Level 0.4 Long Blades
 + Level 0.4 Axes
 + Level 0.4 Maces & Flails
 + Level 0.4 Polearms
 + Level 0.4 Staves
 + Level 0.4 Slings
 + Level 0.4 Bows
 + Level 0.4 Crossbows
 + Level 8.5 Throwing
 + Level 0.4 Armour
 + Level 8.5 Dodging
 + Level 0.4 Stealth
 + Level 0.4 Shields
 + Level 2.5 Unarmed Combat
 + Level 0.4 Spellcasting
 + Level 0.2 Conjurations
 + Level 0.2 Hexes
 + Level 0.2 Summonings
 + Level 0.2 Necromancy
 + Level 0.2 Translocations
 + Level 0.2 Transmutations
 + Level 0.2 Fire Magic
 + Level 0.2 Ice Magic
 + Level 0.2 Air Magic
 + Level 0.2 Earth Magic
 + Level 0.2 Poison Magic
 + Level 0.5 Invocations
 + Level 0.4 Evocations


You had one spell level left.
You didn't know any spells.
Your spell library contained the following spells:

 Spells                   Type           Power      Damage    Failure   Level
 Corpse Rot               Necr/Air       0%         N/A       54%         2
 Dispel Undead            Necr           0%         3d6       99%         4
 Death Channel            Necr           0%         N/A       100%        6


Dungeon Overview and Level Annotations

Branches:
Dungeon (1/15)

Altars:


Innate Abilities, Weirdness & Mutations

You have very sharp teeth.
Your uncanny sense of smell can sniff out nearby items.
Your experience applies equally to all skills.


Message History

A rat comes into view.
The hobgoblin misses you.
You are too injured to fight recklessly!
You hit the jackal.
The jackal is severely wounded.
The bat misses you. The jackal bites you.
* * * LOW HITPOINT WARNING * * *
A jackal comes into view.
The rat closely misses you.
The jackal bites you but does no damage.
The hobgoblin hits you.
* * * LOW HITPOINT WARNING * * *
You are too injured to fight recklessly!
You hit the jackal.
You kill the jackal!
The bat misses you. The rat barely misses you. The jackal barely misses you.
The bat misses you. The hobgoblin barely misses you.
You barely miss the jackal. The bat hits you.
* * * LOW HITPOINT WARNING * * *
The rat bites you but does no damage.
The jackal pauses to sniff the ground.
The jackal closely misses you. The hobgoblin barely misses you.
You are too injured to fight recklessly!
You hit the jackal.
The jackal is moderately wounded.
The jackal bites you but does no damage.
The rat misses you. The bat barely misses you. The jackal misses you.
The hobgoblin closely misses you.
You are too injured to fight recklessly!
You barely miss the jackal.
The jackal is moderately wounded.
The bat hits you.
* * * LOW HITPOINT WARNING * * *
The bat misses you. The rat misses you. The jackal barely misses you.
The bat barely misses you. The hobgoblin misses you.
You are too injured to fight recklessly!
You hit the jackal.
The jackal is almost dead.
The bat misses you. The bat hits you but does no damage. The rat bites you.
You die...

#.........h.#
#...........#
#...........##
.............
.....#.....#
...........# .
......r....##.#
......hh..>'..#
......g@r..####
.....#.b...# ....
#.....# ...
#.....###### ..
######.....# .
#.###.#
###########...#.#
#..........##.#.#
#...........#.#.#


You could see 2 jackals, a hobgoblin, a bat and 2 rats.

Vanquished Creatures
  A ball python (D:1)
  2 endoplasms (D:1)
  A goblin (D:1)
  2 hobgoblins (D:1)
  A jackal (D:1)
  A quokka (D:1)
  A bat (D:1)
  2 frilled lizards (D:1)
11 creatures vanquished.

Notes
Turn   | Place    | Note
-------+----------+-------------------------------------------
     0 | D:1      | Clumpoid the Gnoll Wanderer began the quest for the Orb.
     0 | D:1      | Clumpoid set off with the following items: a +0 dagger, a
                  | scroll of fog, 12 poisoned darts, a +2 leather armour
     0 | D:1      | Reached XP level 1. HP: 17/17 MP: 1/1
   146 | D:1      | Reached XP level 2. HP: 13/23 MP: 2/2
   331 | D:1      | HP: 1/23 [bat (1)]
   334 | D:1      | Slain by a rat

Illustrated notes

Levels and vault maps discovered:
D:1:      minmay_arrival_hallway, layout_basic, chequers_ecumenical_altar_simple

Action                   || total
-------------------------++-------
Melee: Dagger            ||    50
       Bite              ||     4
Armor: Leather armour    ||    29
Dodge: Dodged            ||    73

Table legend: (Time is in decaauts)
 A = Elapsed time spent in this place.
 B = Non-inter-level travel time spent in this place.
 C = Inter-level travel time spent in this place.
 D = Time resting spent in this place.
 E = Time spent auto-exploring this place.
 F = Levels seen in this place.
 G = Mean time per level.
                   A        B        C        D        E       F      G
               +--------+--------+--------+--------+--------+-----+--------+
         Total |    333 |    333 |      0 |      0 |    262 |   1 |  333.0 |
       Dungeon |    333 |    333 |      0 |      0 |    262 |   1 |  333.0 |
               +--------+--------+--------+--------+--------+-----+--------+

Top non-repeatable levels by time:
     D:1: 333 daAuts
